 Dungeon Crawl Stone Soup version 0.31-a0-536-ga3e2962e35 (console) character file.

Game seed: 7156707993641674569

15 Lexodia the Trooper (level 2, 0/31 HPs)
             Began as an Ogre Gladiator on Aug 13, 2023.
             Slain by an adder (2 damage)
             ... on level 2 of the Dungeon.
             The game lasted 00:01:23 (336 turns).

Lexodia the Trooper (Ogre Gladiator)                 Turns: 336, Time: 00:01:24

Health: 0/31       AC:  3    Str: 17    XL:     2   Next: 50%
Magic:  2/2        EV: 10    Int:  9    God:
Gold:   52         SH:  0    Dex: 10    Spells: 1/1 levels left

rFire   . . .        a - +0 flail
rCold   . . .        (no shield)
rNeg    . . .        b - +0 robe
rPois   .            c - +0 hat
rElec   .            (no cloak)
rCorr   .            (gloves unavailable)
SInv    .            (boots unavailable)
Will    .....        (no amulet)
Stlth   +            (no ring)
HPRegen 0.25/turn    (no ring)
MPRegen 0.08/turn

%: no passive effects
@: lethally poisoned (0 -> -5)
A: large, unfitting armour, tough skin 1
a: no special abilities


You were on level 2 of the Dungeon.
You visited 1 branch of the dungeon, and saw 2 of its levels.

You collected 52 gold pieces.

Inventory:

Hand Weapons
 a - a +0 flail (weapon)
Missiles
 d - 3 throwing nets (quivered)
 e - a large rock
Armour
 b - a +0 robe (worn)
 c - a +0 hat (worn)
Scrolls
 f - a scroll of vulnerability {unknown}
 i - a scroll of identify {unknown}
Potions
 g - a potion of invisibility {unknown}
 h - a potion of curing {unknown}


   Skills:
 - Level 3.0 Fighting
 * Level 3.0 Maces & Flails
 + Level 2.2 Throwing
 + Level 2.8 Dodging


You had one spell level left.
You didn't know any spells.
Your spell library was empty.

Dungeon Overview and Level Annotations

Branches:
Dungeon (1/15)

Altars:

Shops:
D:1 [


Innate Abilities, Weirdness & Mutations

You are too large for most types of armour.
You have tough skin. (AC +1)


Message History

The adder bites you. The kobold closely misses you.
Huge Dmg: -19%(-6hp) hp: 65%(20hp)
You closely miss the adder.
You feel sick.
The goblin shouts!
The adder bites you. The kobold misses you.
Huge Dmg: -16%(-5hp) hp: 49%(15hp)
You sock the adder!
The adder is severely wounded.
You feel sick. The adder bites you. The kobold barely misses you.
The adder completely misses you.
Huge Dmg: -16%(-5hp) hp: 33%(10hp)
You barely miss the adder. You punch the adder.
The adder is almost dead.
You feel sick.
You are no longer poisoned.
The adder closely misses you. The kobold closely misses you.
The adder bites you.
* * * LOW HITPOINT WARNING * * *
Damage: -7%(-2hp) hp: 26%(8hp)
You barely miss the adder.
The adder is almost dead.
The kobold barely misses you. The goblin barely misses you.
The adder completely misses you. The goblin hits you but does no damage.
The kobold closely misses you.
You barely miss the adder.
The adder is almost dead.
The adder bites you.
* * * LOW HITPOINT WARNING * * *
The adder bites you but does no damage.
The kobold hits you with a +2 whip of venom.
* * * LOW HITPOINT WARNING * * *
You are lethally poisoned!
The goblin hits you but does no damage.
Huge Dmg: -9%(-3hp) hp: 17%(5hp)
You closely miss the adder.
The adder is almost dead.
* * * LOW HITPOINT WARNING * * *
You feel very sick. The adder bites you.
You die...

##### ....# .....#
###..$..#
###.S.....#
#########.K@......#
..........g##.....#
#######...## #####
....### #.#### #. #


You could see an adder, a goblin and a kobold.

Vanquished Creatures
  A bat (D:1)
  An endoplasm (D:1)
  2 hobgoblins (D:1)
  4 jackals (D:1)
  A kobold (D:1)
  A frilled lizard (D:1)
  2 goblins (D:1)
12 creatures vanquished.

Notes
Turn   | Place    | Note
-------+----------+-------------------------------------------
     0 | D:1      | Lexodia the Ogre Gladiator began the quest for the Orb.
     0 | D:1      | Reached XP level 1. HP: 22/22 MP: 1/1
   105 | D:1      | Huge Dmg: 3 dmg
   106 | D:1      | Reached XP level 2. HP: 9/29 MP: 2/2
   109 | D:1      | Huge Dmg: 3 dmg
   239 | D:1      | Found Emoen's Armour Emporium.
   321 | D:1      | You fall into a shaft and drop 1 floor!
   331 | D:2      | Huge Dmg: 6 dmg
   332 | D:2      | Huge Dmg: 5 dmg
   333 | D:2      | Huge Dmg: 5 dmg
   336 | D:2      | Huge Dmg: 3 dmg
   336 | D:2      | Slain by an adder

Illustrated notes

Levels and vault maps discovered:
D:1:      elethiomel_arrival_infinity_welcomes_careful_drivers,
          layout_loops_ring, serial_shops, shop, shop,
          nicolae_shop_hallway_stairs, minmay_misc_feat_diagonals,
          hangedman_decor_diamond_cutter, minmay_strange_pillars,
          corexii_leaking_fountain, minmay_hexomino_c4
D:2:      layout_rooms, basic_altar, uniq_sigmund

Skill      XL: |  1  2 |
---------------+-------+-----
Fighting       | 3 |  3.0
Maces & Flails | 3 |  3.0
Throwing       | |  2.2
Dodging        | |  2.8

Action                     || total
---------------------------++-------
  Melee: Flail             ||    46
         Punch             ||     2
 Armour: Robe              ||    20
  Dodge: Dodged            ||    36

Table legend: (Time is in decaauts)
 A = Elapsed time spent in this place.
 B = Non-inter-level travel time spent in this place.
 C = Inter-level travel time spent in this place.
 D = Time resting spent in this place.
 E = Time spent auto-exploring this place.
 F = Levels seen in this place.
 G = Mean time per level.
                   A        B        C        D        E       F      G
               +--------+--------+--------+--------+--------+-----+--------+
         Total |    347 |    347 |      0 |      0 |    254 |   2 |  173.5 |
       Dungeon |    347 |    347 |      0 |      0 |    254 |   2 |  173.5 |
               +--------+--------+--------+--------+--------+-----+--------+

Top non-repeatable levels by time:
     D:1: 330 daAuts
     D:2: 17 daAuts
